 Dungeon Crawl Stone Soup version 0.28-a0-1087-gf3fc490d9d (webtiles) character file.

Game seed: 17156659089819224226

1095 YayAnonymity the Spear-Bearer (level 8, -3/54 (56) HPs)
             Began as a Merfolk Gladiator on Dec 11, 2021.
             Splashed by a jelly's acid (10 damage)
             ... on level 5 of the Dungeon.
             The game lasted 00:11:15 (6346 turns).

YayAnonymity the Spear-Bearer (Merfolk Gladiator)   Turns: 6346, Time: 00:11:16

HP:   -3/54 (56)    AC:  7    Str: 16    XL:     8   Next: 31%
MP:   8/8           EV: 11    Int:  8    God:
Gold: 119           SH:  5    Dex: 15    Spells: 7/7 levels left

rFire   . . .      SeeInvis +   a - +0 trident
rCold   + . .      Faith    .   (no shield)
rNeg    . . .      Spirit   .   i - +0 scale mail {rC+}
rPois   .          Reflect  +   c - +0 helmet
rElec   .          Harm     .   j - scarf {+Inv}
rCorr   .          Rampage  .   (no gloves)
Will    +....                   (no boots)
Stlth   ..........              g - amulet of reflection
HPRegen 0.18/turn               f - ring of willpower
MPRegen 0.11/turn               l - ring of see invisible

@: lightly drained
A: (nimble swimmer 2), mertail
a: Evoke Invisibility


You were on level 5 of the Dungeon.
You visited 1 branch of the dungeon, and saw 5 of its levels.
You also visited: Ossuary.

You collected 119 gold pieces.

Inventory:

Hand Weapons
 a - a +0 trident (weapon)
Missiles
 w - 18 poisoned darts (quivered)
Armour
 c - a +0 helmet (worn)
 i - a +0 scale mail of cold resistance (worn)
 j - a scarf of invisibility (worn)
Jewellery
 f - a ring of willpower (left hand)
 g - an amulet of reflection (around neck)
 l - a ring of see invisible (right hand)
Scrolls
 b - a scroll of amnesia
 e - 5 scrolls of teleportation
 n - 2 scrolls of fog
 p - 2 scrolls of magic mapping {unknown}
 q - a scroll of brand weapon {unknown}
 u - a scroll of blinking {unknown}
 v - a scroll of identify
Potions
 d - a potion of heal wounds
 h - 2 potions of lignification
 k - 2 potions of flight
 m - 2 potions of curing
 o - a potion of cancellation
 r - a potion of mutation {unknown}
 s - a potion of resistance {unknown}
 t - a potion of might {unknown}


   Skills:
 - Level 2.1 Fighting
 - Level 14.0 Polearms
 - Level 2.0 Throwing
 + Level 4.1 Dodging


You had 7 spell levels left.
You didn't know any spells.
Your spell library contained the following spells:

 Spells                   Type           Power      Damage    Failure   Level
 Silence                  Hex/Air        0%         N/A       100%        5
 Dispersal                Tloc           0%         N/A       100%        6


Dungeon Overview and Level Annotations

Branches:
Dungeon (5/15)            Ossuary (visited)
 Temple: D:4-7

Altars:

Shops:
D:3 !


Innate Abilities, Weirdness & Mutations

((You are quick and stealthy near water. (Stealth+, EV+, Speed+++)))
Your lower body shifts to a powerful aquatic tail in water.


Message History

You barely miss the necrophage.
The necrophage is heavily damaged.
The jelly barely misses you. The necrophage barely misses you.
You hit the necrophage.
The necrophage is heavily damaged.
The jelly hits you. The acid corrodes you!
You are splashed with acid!
You hit the necrophage.
The necrophage is severely damaged.
You block the necrophage's attack.
You hit the necrophage but do no damage.
The necrophage is severely damaged.
The jelly hits you.
You are splashed with acid!
You block the necrophage's attack.
You hit the necrophage but do no damage.
The necrophage is severely damaged.
You hit the necrophage but do no damage.
The necrophage is severely damaged.
The jelly hits you but does no damage. The necrophage hits you.
The quasit gives a chilling moan.
The jelly hits you but does no damage.
The quasit gives a chilling moan.
You are no longer corroded.
You puncture the jelly! The acid corrodes you!
Your hands burn!
The jelly is moderately wounded.
The jelly hits you.
You are splashed with acid.
You hit the jelly but do no damage.
Your hands burn!
The jelly is moderately wounded.
You puncture the jelly!
Your hands burn!
* * * LOW HITPOINT WARNING * * *
The jelly is almost dead.
The jelly hits you.
* * * LOW HITPOINT WARNING * * *
You are splashed with acid!
* * * LOW HITPOINT WARNING * * *
You are no longer corroded.
There is a stone staircase leading up here.
The jelly hits you.
* * * LOW HITPOINT WARNING * * *
You are splashed with acid!
You die...

######......)...§§§..# ##.....##.
##..##......§§.§..# #........
####...######....§§§## #........
#.......####...###### #........
#.#..(........[..## ##....#...
#.#...#...........######...#####.
........######..n..........# ##
..#.....# ##.J..........#
..##..#.# ##.@.......<..##
#.......# #..........#...##
....#.#.# ##........#####..##
...♣♣.♣♣# ###..........# ##..###
#..♣.≈♣♣♣##.........8..# ##....
#..♣♣≈≈♣♣..............# #....
.♣♣♣♣..♣.........#.....# ##...
♣♣♣♣♣.♣♣♣♣♣♣...####...## ##..
≈♣♣P.≈≈.♣♣.♣..## #...# #..


You could see a necrophage and a jelly.

Vanquished Creatures
  Duvessa (D:4)
  A black bear (D:4)
  A scorpion (D:5)
  A water moccasin zombie (D:5)
  Dowan (D:4)
  4 bullfrog zombies (D:5)
  2 hounds (D:5)
  2 human zombies (Ossuary)
  An orc priest (D:4)
  2 centaur zombies
  3 bullfrog skeletons (D:5)
  2 orc wizards (D:4)
  A killer bee zombie (D:3)
  2 hound skeletons (D:4)
  5 mummies (Ossuary)
  A howler monkey zombie (D:5)
  2 adders
  3 gnolls (D:2)
  2 adder zombies (D:5)
  3 dart slugs
  6 orcs
  14 ball pythons
  10 endoplasms
  A giant cockroach (D:2)
  2 gnoll zombies (Ossuary)
  6 goblins
  5 hobgoblins
  7 jackals
  3 quokkas
  4 bats
  4 frilled lizards
  A goblin zombie (Ossuary)
  8 kobolds
  2 orc zombies (Ossuary)
  8 rats
121 creatures vanquished.

Vanquished Creatures (others)
  A demonic plant (D:1)
1 creature vanquished.

Grand Total: 122 creatures vanquished

Notes
Turn   | Place    | Note
-------+----------+-------------------------------------------
     0 | D:1      | YayAnonymity the Merfolk Gladiator began the quest for the
                  | Orb.
     0 | D:1      | Reached XP level 1. HP: 16/16 MP: 1/1
     3 | D:1      | Noticed an electric eel
     4 | D:1      | Noticed an electric eel
    86 | D:1      | Reached skill level 5 in Polearms
    93 | D:1      | Reached XP level 2. HP: 22/22 MP: 2/2
   451 | D:1      | Found a faded altar of an unknown god.
   451 | D:1      | Noticed a soul eater
  1079 | D:2      | Reached skill level 6 in Polearms
  1079 | D:2      | Reached XP level 3. HP: 27/27 MP: 3/3
  1343 | D:2      | Reached skill level 7 in Polearms
  1343 | D:2      | Reached XP level 4. HP: 10/33 MP: 4/4
  1350 | D:2      | HP: 1/33 [gnoll (10)]
  2635 | D:3      | Found Luschint's Distillery.
  2730 | D:3      | Reached skill level 8 in Polearms
  2730 | D:3      | Reached XP level 5. HP: 34/38 MP: 5/5
  2868 | D:3      | Got Sif Muna's Grimoire of Warped Curses
  3888 | D:4      | Noticed Dowan
  3889 | D:4      | Noticed Duvessa
  3914 | D:4      | Killed Duvessa
  3915 | D:4      | Reached skill level 9 in Polearms
  3915 | D:4      | Reached XP level 6. HP: 20/44 MP: 6/6
  3927 | D:4      | Killed Dowan
  3928 | D:4      | Reached skill level 10 in Polearms
  4251 | D:4      | Noticed a black bear
  4260 | D:4      | Killed a black bear
  4443 | D:4      | Reached XP level 7. HP: 46/50 MP: 7/7
  4449 | D:4      | Reached skill level 11 in Polearms
  4754 | D:5      | Entered Level 5 of the Dungeon
  4785 | D:5      | Found a sand-covered staircase.
  4797 | Ossuary  | Entered an ossuary
  5197 | Ossuary  | Reached skill level 12 in Polearms
  5585 | D:5      | Reached skill level 13 in Polearms
  5588 | D:5      | Reached XP level 8. HP: 49/56 MP: 8/8
  6196 | D:5      | Reached skill level 14 in Polearms
  6346 | D:5      | Splashed by a jelly's acid

Illustrated notes

Levels and vault maps discovered:
D:1:      arrival_aquarium_b, layout_loops_cross,
          dreamdust_ecumenical_altar_sealed_demon, hex_medium,
          hangedman_decor_push, chequers_jeans, minmay_heptomino_l4
D:2:      layout_loops_ring, kennysheep_nub
D:3:      layout_basic, serial_shops, shop
D:4:      layout_loops_ring, uniq_duvessa
D:5:      cheibrodos_quashed, layout_layer_cave, nicolae_ossuary_entry_ruins,
          serial_undead, serial_undead_d, serial_undead_a, serial_undead_c,
          serial_undead_a, grunt_ministairs_9, serial_bayou_crossing

Skill      XL: |  1  2  3  4  5  6  7  8 |
---------------+-------------------------+-----
Polearms       | 5 6 7 8 9 10 13 14 | 14.0
Fighting       | |  2.1
Throwing       | |  2.0
Dodging        | |  4.1

Action                   |  1- 3 |  4- 6 |  7- 9 || total
-------------------------+-------+-------+-------++-------
Melee: Trident           |   101 |   169 |   264 ||   534
Throw: Throwing net      |     1 |     3 |       ||     4
  Use: Scroll            |       |     7 |     1 ||     8
 Stab: Sleeping          |     1 |       |       ||     1
       Held in net/web   |       |     4 |       ||     4
Armor: Leather armour    |     3 |       |       ||     3
       Ring mail         |    13 |    19 |       ||    32
       Scale mail        |       |     6 |    62 ||    68
Dodge: Dodged            |    36 |    53 |    95 ||   184
Block: Other             |     6 |    23 |    41 ||    70
       Reflection        |     1 |     1 |     3 ||     5

Table legend: (Time is in decaauts)
 A = Elapsed time spent in this place.
 B = Non-inter-level travel time spent in this place.
 C = Inter-level travel time spent in this place.
 D = Time resting spent in this place.
 E = Time spent auto-exploring this place.
 F = Levels seen in this place.
 G = Mean time per level.
                   A        B        C        D        E       F      G
               +--------+--------+--------+--------+--------+-----+--------+
         Total |   6245 |   5918 |    327 |    760 |   4005 |   6 | 1040.8 |
       Dungeon |   5807 |   5480 |    327 |    591 |   3967 |   5 | 1161.4 |
       Ossuary |    438 |    438 |      0 |    169 |     38 |   1 |  438.0 |
               +--------+--------+--------+--------+--------+-----+--------+

Top non-repeatable levels by time:
     D:3: 1391 daAuts
     D:2: 1301 daAuts
     D:4: 1213 daAuts
     D:1: 1067 daAuts
     D:5: 833 daAuts
 Ossuary: 438 daAuts
